 Dungeon Sprint DCSS version 0.22-a0-246-gdc04c06 (webtiles) character file.

0 Lapis the Skirmisher (level 1, -3/31 HPs)
             Began as a Naga Fighter on Feb 22, 2018.
             Was an Initiate of Cheibriados (penitent).
             Slain by a slime creature (20 damage)
             ... in the Dungeon (Sprint V: "Ziggurat Sprint").
             The game lasted 00:01:19 (71 turns).

Lapis the Skirmisher (Naga Fighter)                   Turns: 71, Time: 00:01:19

Health: -3/31      AC:  3    Str: 23    XL:     1   Next: 0%
Magic:  1/1        EV:  5    Int:  8    God:    Cheibriados [*]
Gold:   0          SH:  0    Dex: 10    Spells: 0/0 levels left

rFire    . . .     SeeInvis +   a - +0 long sword
rCold    . . .     Gourm    .   c - +0 shield
rNeg     . . .     Faith    .   b - +0 scale mail
rPois    +         Spirit   .   (no helmet)
rElec    .         Reflect  .   (no cloak)
rCorr    .         Harm     .   (no gloves)
MR       .....     NoTele   +   (no barding)
Stlth    ..........             (no amulet)
HPRegen  0.10/turn              (no ring)
MPRegen  0.07/turn              (no ring)

@: confused, berserking, very slow
A: large, see invisible, deformed body, poison resistance, slowness 2, slow
metabolism 1, spit poison 1, AC +0
a: Spit Poison, Renounce Religion


You were in the Dungeon.
You worshipped Cheibriados.
Cheibriados was demanding penance.
You were not hungry.

You visited 1 branch

Inventory:

Hand Weapons
 a - a +0 long sword (weapon)
 I - the +6 Majin-Bo {vamp, Archmagi MP+6 Int+6}
   (You found it in the Dungeon)

   It inflicts no extra harm, but heals its wielder when it wounds a living foe.
   It affects your intelligence (+6).
   It affects your magic capacity (+6).
 J - the cursed +14 obsidian axe {chop, +Fly SInv *Curse}
   (You found it in the Dungeon)

   It inflicts extra damage upon your enemies.
   It lets you see invisible.
   It lets you fly.
   It curses itself when equipped.
   It has a curse placed upon it.
 M - the +8 lance "Wyrmbane" {slay drac, rPois rF+ rC+ AC+3}
   (You found it in the Dungeon)

   It affects your AC (+3).
   It protects you from fire.
   It protects you from cold.
   It protects you from poison.
 N - the +9 sword of Zonguldrok {reap}
   (You found it in the Dungeon)

   If a monster killed with it leaves a corpse in good enough shape, the corpse
   will be animated as a zombie friendly to the killer.
 S - a +5 demon blade
 T - a +5 double sword
Armour
 b - a +0 scale mail (worn)
 c - a +0 shield (worn)
 K - the +15 Maxwell's patent armour {-Cast -Tele rElec MR+ rCorr}
   (You found it in the Dungeon)

   It insulates you from electricity.
   It affects your resistance to hostile enchantments.
   It prevents spellcasting.
   It prevents most forms of teleportation.
   It protects you from acid and corrosion.
 L - the +18 shield of the Gong {rElec rN+ MR+ EV-5}
   (You found it in the Dungeon)

   It affects your evasion (-5).
   It insulates you from electricity.
   It protects you from negative energy.
   It affects your resistance to hostile enchantments.
 O - a +5 crystal plate armour
 P - +5 fire dragon scales
 Q - +5 gold dragon scales
 R - +5 ice dragon scales
Jewellery
 x - a +6 ring of dexterity
 y - a +6 ring of dexterity
 z - a +6 ring of intelligence
 A - a +6 ring of intelligence
 B - a +6 ring of strength
 C - a +6 ring of strength
 D - an uncursed ring of flight
Wands
 E - a wand of disintegration (7)
 F - a wand of iceblast (7)
 G - a wand of acid (7)
Scrolls
 k - 4 scrolls of blinking
 q - 4 scrolls of amnesia
 r - 7 scrolls of fog
 s - a scroll of holy word
 t - 5 scrolls of identify
 u - 5 scrolls of remove curse
 v - 2 scrolls of fear
Potions
 d - 6 potions of might
 e - 7 potions of curing
 g - 10 potions of heal wounds
 h - 6 potions of haste
 i - 7 potions of magic
 j - 2 potions of berserk rage
 l - 2 potions of brilliance
 m - 2 potions of invisibility
 n - 4 potions of resistance
 o - a potion of experience
 p - 5 potions of agility
Miscellaneous
 w - a lightning rod (4/4)
 H - a crystal ball of energy
Comestibles
 f - 7 rations


   Skills:
 + Level 3.0 Fighting
 * Level 2.0 Long Blades
 + Level 2.4 Armour
 + Level 2.4 Shields


You couldn't memorise any spells.
You didn't know any spells.

Dungeon Overview and Level Annotations

Branches:
Dungeon (1/1)

Altars:
Ashenzari
Cheibriados
Dithmenos
Elyvilon
Fedhas
Gozag
Hepliaklqana
Kikubaaqudgha
Makhleb
Nemelex Xobeh
Okawaru
Qazlal
Ru
Sif Muna
Trog
Uskayaw
Vehumet
Wu Jian
Xom
Yredelemnul
Zin
The Shining One
Beogh
Jiyva
Lugonu

Annotations:
D 1 transporter


Innate Abilities, Weirdness & Mutations

You cannot wear boots.
Your serpentine skin is tough. (AC +0)
You have supernaturally acute eyesight. (SInv)
Armour fits poorly on your strangely shaped body.
Your system is resistant to poisons. (rPois)
You cover ground very slowly.
You have a slow metabolism.
You can spit poison.


Message History

You feel better. You block the slime creature's attack.
Unknown command.
A red film seems to cover your vision as you go berserk!
Cheibriados thinks you should slow down.
You feel very guilty. "You will pay for your transgression, mortal!"
Cheibriados forces you to slow down.
You feel mighty! The golden eye blinks at you.
You are confused.
The slime creature hits you!
You feel a strong urge to attack something.
The golden eye blinks at you.
You are more confused.
The slime creature hits you. The golden eye blinks at you.
You are more confused.
The slime creature hits you!!
Ouch! That really hurt!
You die...

▓▓▓▓▓▓▓
▓.8©8.▓
▓.....▓
▓.|.).▓
▓.....▓
▓..J..▓
▓.@G..▓
▓▓▓▓▓▓▓


You could see a slime creature and a golden eye.

Vanquished Creatures (others)
  A spatial maelstrom (D)
1 creature vanquished.

Notes
Turn   | Place    | Note
-------+----------+-------------------------------------------
     0 | D        | Found the +6 Majin-Bo {vamp, Archmagi MP+6 Int+6}
     0 | D        | Found the +7 great mace "Firestarter" {inner flame, rF++}
     0 | D        | Lapis the Naga Fighter began the quest for the Orb.
     0 | D        | Reached XP level 1. HP: 21/21 MP: 1/1
     0 | D        | Found a deep blue altar of Sif Muna.
     0 | D        | Found a bloodstained altar of Trog.
     0 | D        | Found a sacrificial altar of Ru.
     0 | D        | Found a stormy altar of Qazlal.
     0 | D        | Found an iron altar of Okawaru.
     1 | D        | Found a sparkling altar of Nemelex Xobeh.
     1 | D        | Found a blossoming altar of Fedhas.
     2 | D        | Banished a spatial maelstrom
     3 | D        | Found a transporter.
     3 | D        | Found an ancient bone altar of Kikubaaqudgha.
     3 | D        | Found a viscous altar of Jiyva.
     3 | D        | Found a corrupted altar of Lugonu.
     3 | D        | Found a hazy altar of Hepliaklqana.
     3 | D        | Found a burning altar of Makhleb.
     3 | D        | Found an opulent altar of Gozag.
    25 | D        | Found the +9 heavy crossbow "Sniper" {velocity, Acc+∞ SInv}
    25 | D        | Found the +10 dark maul {crush}
    25 | D        | Found the +15 Maxwell's patent armour {-Cast -Tele rElec MR+ rCorr}
    25 | D        | Found the +18 shield of the Gong {rElec rN+ MR+ EV-5}
    25 | D        | Found the cursed +14 obsidian axe {chop, +Fly SInv *Curse}
    27 | D        | Found the +6 shillelagh "Devastator" {shatter}
    27 | D        | Found the +11 plutonium sword {*Contam Stlth-}
    27 | D        | Found the +8 lance "Wyrmbane" {slay drac, rPois rF+ rC+ AC+3}
    27 | D        | Found the +9 sword of Zonguldrok {reap}
    27 | D        | Found the cursed +13 scythe of Curses {drain, *Curse}
    27 | D        | Found the +0 sword of Power
    27 | D        | Found the -2 mace of Variability {chaos}
    27 | D        | Found the +7 Singing Sword
    27 | D        | Found the +7 longbow "Piercer" {penet, EV-2}
    55 | D        | Became a worshipper of Cheibriados the Contemplative
    66 | D        | Entered arena 2.
    66 | D        | Noticed a slime creature
    66 | D        | Noticed a golden eye
    66 | D        | Found a transporter.
    70 | D        | Was placed under penance by Cheibriados
    71 | D        | Slain by a slime creature

Vault maps used:
D:        sprint_v

Action                   || total
-------------------------++-------
  Use: Potion            ||     4
Block: Shield            ||     1

Table legend:
 A = Spawn XP
 B = Non-spawn XP
 C = Spawn XP percentage of total XP
 D = Spawn monster count
 E = Non-spawn monster count
 F = Spawn count percentage of total count
 G = Total turns spent on level
                    A         B        C        D         E        F      G
               +---------+---------+-------+---------+---------+-------+---------
         Total |       0 |       0 |   N/A |       0 |       0 |   N/A |    71
               +---------+---------+-------+---------+---------+-------+---------
               +---------+---------+-------+---------+---------+-------+---------
